Map: Romanticide LE

Players

MCanning

  • Race: Protoss Protoss

Neeb - Winner!

  • Race: Protoss Protoss

VOD

Have the link to the VOD?

Description

Time

  • Played on: Oct. 8, 2021, 3:29 p.m.
  • Length: 9:49
Show
View Real Time Build Order
Export as new Build Order

MCanning Protoss 

Build Orders: Zealot Archon 

Get SALT Encoding   

  12  0:00  Probe  
  13  0:12  Probe  
  14  0:17  Pylon  
  14  0:24  Probe  
  15  0:35  Gateway  
  15  0:37  Probe (Chrono Boost)  
  16  0:46  Assimilator, Probe (Chrono Boost)  
  17  0:51  Probe (Chrono Boost)  
  17  0:55  Assimilator  
  18  1:03  Probe  
  19  1:07  Gateway  
  19  1:15  Probe  
  20  1:22  Cybernetics Core  
  20  1:27  Probe  
  21  1:35  Pylon  
  21  1:39  Probe  
  22  1:51  Probe  
  23  1:59  Stalker x2  
  27  2:02  Warp Gate  
  27  2:14  Probe  
  28  2:15  Pylon  
  28  2:29  Sentry  
  32  2:43  Nexus  
  30  2:50  Pylon  
  30  2:53  Probe (Chrono Boost)  
  30  2:57  Sentry  
  33  2:59  Sentry  
  33  3:05  Probe (Chrono Boost)  
  36  3:10  Probe (Chrono Boost)  
  36  3:12  Shield Battery  
  37  3:19  Probe (Chrono Boost)  
  38  3:28  Robotics Facility  
  38  3:29  Probe (Chrono Boost)  
  39  3:34  Probe (Chrono Boost)  
  40  3:41  Pylon  
  40  3:53  Forge  
  40  3:55  Probe x2 (Chrono Boost)  
  42  4:06  Stalker, Probe x2 (Chrono Boost)  
  46  4:10  Probe x2 (Chrono Boost)  
  49  4:17  Observer  
  49  4:21  Probe  
  49  4:22  Probe, Protoss Ground Weapons Level 1 (Chrono Boost)  
  51  4:32  Adept  
  51  4:33  Probe  
  51  4:34  Probe  
  51  4:36  Immortal (Chrono Boost)  
  51  4:37  Assimilator  
  55  4:46  Probe x2  
  55  4:50  Observer (Chrono Boost)  
  58  4:54  Nexus  
  58  4:55  Pylon  
  58  4:58  Probe x2  
  60  5:04  Adept  
  62  5:13  Immortal (Chrono Boost), Probe x2  
  68  5:19  Shield Battery  
  68  5:25  Probe x2  
  70  5:28  Twilight Council  
  70  5:41  Pylon  
  70  5:43  Pylon  
  70  5:49  Gateway  
  70  5:51  Gateway, Pylon  
  70  5:59  Probe x2  
  70  6:03  Immortal  
  76  6:09  Stalker x2  
  78  6:11  Probe x2  
  78  6:12  Probe, Protoss Ground Weapons Level 2 (Chrono Boost)  
  81  6:19  Charge (Chrono Boost)  
  81  6:23  Probe x2  
  81  6:25  Probe  
  82  6:35  Probe x2  
  82  6:37  Probe  
  82  6:38  Gateway, Templar Archives  
  83  6:44  Gateway  
  83  6:45  Gateway  
  83  6:47  Gateway, Assimilator  
  83  6:48  Probe  
  83  6:49  Probe  
  83  6:51  Pylon  
  85  6:54  Zealot x2  
  85  6:57  Probe  
  90  7:07  Probe  
  91  7:10  Photon Cannon  
  91  7:11  Zealot x2, Pylon  
  95  7:18  Pylon  
  95  7:21  High Templar x2  
  99  7:25  Nexus, Archon  
  99  7:32  High Templar x2  
  99  7:36  Archon  
  103  7:38  Probe  
  103  7:44  Zealot x4  
  108  7:48  Gateway  
  108  7:49  Gateway, Probe  
  107  7:54  Sentry  
  109  8:01  Nexus  
  109  8:02  Pylon  
  109  8:06  Zealot x6  
  119  8:15  Probe  
  118  8:22  High Templar x2  
  118  8:23  Probe  
  118  8:25  Pylon  
  118  8:26  Pylon  
  119  8:27  Photon Cannon  
  119  8:29  Zealot x3, Archon, Pylon  
  119  8:30  Zealot x2  
  119  8:32  Sentry  
  131  8:35  Shield Battery  
  131  8:38  Probe x2  
  133  8:44  Robotics Bay  
  133  8:46  Photon Cannon, Probe  
  134  8:50  Photon Cannon  
  134  8:52  Photon Cannon  
  134  8:57  Zealot x2  
  134  9:01  Zealot x3  
  142  9:07  Zealot x2  
  142  9:09  Probe  
  147  9:13  Zealot x3  
  135  9:17  Zealot x2  
  113  9:27  Zealot x5  
  106  9:33  Zealot x3  
  97  9:45  Zealot x2  
Show
View Real Time Build Order
Export as new Build Order

Neeb Protoss - Winner!

Build Orders: Phoenix Opening 

Get SALT Encoding   

  12  0:00  Probe  
  13  0:12  Probe  
  14  0:17  Pylon  
  14  0:24  Probe (Chrono Boost)  
  15  0:36  Gateway, Probe (Chrono Boost)  
  16  0:43  Probe (Chrono Boost)  
  16  0:46  Assimilator  
  17  0:51  Probe  
  18  1:00  Assimilator  
  18  1:03  Probe (Chrono Boost)  
  19  1:09  Gateway  
  19  1:14  Probe (Chrono Boost)  
  20  1:18  Probe (Chrono Boost)  
  20  1:25  Cybernetics Core  
  21  1:29  Probe  
  22  1:35  Pylon  
  22  1:41  Probe  
  23  1:53  Probe  
  24  2:01  Stalker x2  
  26  2:04  Warp Gate  
  28  2:17  Pylon  
  28  2:22  Pylon  
  28  2:31  Stalker  
  28  2:35  Stalker  
  32  2:55  Nexus  
  32  2:57  Probe  
  32  3:02  Pylon  
  32  3:06  Sentry  
  32  3:08  Sentry  
  32  3:11  Probe  
  37  3:20  Pylon  
  37  3:23  Probe  
  38  3:31  Twilight Council  
  38  3:36  Probe  
  39  3:47  Phoenix, Forge  
  39  3:48  Probe (Chrono Boost)  
  40  4:00  Probe (Chrono Boost)  
  40  4:01  Blink (Chrono Boost)  
  41  4:05  Probe (Chrono Boost)  
  41  4:08  Probe  
  43  4:14  Probe  
  44  4:18  Protoss Ground Weapons Level 1 (Chrono Boost)  
  44  4:21  Probe  
  45  4:28  Probe (Chrono Boost)  
  46  4:33  Probe (Chrono Boost)  
  47  4:40  Stalker x2  
  47  4:43  Probe (Chrono Boost)  
  47  4:44  Probe (Chrono Boost)  
  53  4:48  Probe (Chrono Boost)  
  53  4:50  Probe  
  55  4:56  Nexus  
  55  5:01  Probe  
  55  5:02  Probe  
  55  5:06  Stalker  
  59  5:09  Stalker  
  59  5:13  Probe  
  62  5:14  Pylon  
  62  5:16  Probe  
  63  5:25  Probe  
  63  5:28  Robotics Facility, Probe  
  65  5:33  Gateway x2  
  65  5:38  Probe  
  67  5:42  Probe  
  67  5:46  Pylon  
  67  5:50  Probe, Charge (Chrono Boost)  
  67  5:54  Probe  
  69  6:02  Probe  
  70  6:07  Probe  
  71  6:14  Probe x2  
  71  6:16  Stalker x2  
  75  6:19  Probe  
  72  6:26  Probe x2  
  72  6:28  Nexus  
  72  6:31  Probe  
  72  6:34  Protoss Ground Weapons Level 2 (Chrono Boost)  
  72  6:38  Probe x2  
  72  6:39  Gateway  
  73  6:40  Gateway  
  73  6:43  Probe  
  73  6:45  Templar Archives  
  74  6:50  Probe x2  
  76  6:55  Probe  
  76  6:56  Pylon, Sentry  
  76  6:58  Gateway  
  76  7:00  Gateway  
  79  7:03  Probe  
  79  7:04  Probe  
  81  7:09  Pylon  
  81  7:10  Gateway  
  81  7:12  Gateway, Assimilator  
  81  7:14  Gateway  
  81  7:15  Assimilator  
  81  7:16  Zealot  
  81  7:17  Zealot  
  81  7:20  Observer  
  86  7:25  Gateway, Probe x2  
  86  7:26  Probe  
  86  7:29  Pylon  
  89  7:33  Zealot x2  
  93  7:38  Probe  
  93  7:40  Zealot x3  
  93  7:42  Probe  
  93  7:43  Probe  
  100  7:54  Zealot x2  
  100  7:55  Zealot x3  
  100  7:58  Warp Prism  
  108  7:59  Pylon  
  108  8:05  Zealot x2, High Templar x2  
  118  8:16  Archon  
  118  8:18  Zealot x6  
  128  8:20  Photon Cannon  
  128  8:25  High Templar x2  
  128  8:26  Zealot  
  134  8:29  Archon  
  134  8:30  Zealot  
  136  8:37  Pylon  
  136  8:38  Pylon  
  136  8:39  Pylon  
  136  8:41  Zealot x4  
  144  8:43  Zealot  
  146  9:00  High Templar  
  146  9:01  Zealot x5, High Templar  
  146  9:02  Zealot x3  
  162  9:04  Archon  
  162  9:05  Zealot x2  
  170  9:13  Probe  
  115  9:25  Zealot x4  
  115  9:26  Zealot x3  
  115  9:27  Zealot x2  
  115  9:31  Zealot  
  119  9:37  Zealot x2  
  99  9:46  Zealot x6  
Tags
 
Add a new tag
Caveats
  • Supply blocks, unpowered buildings, or Contaminate may cause inaccurate times.
  • Supply counts are checked every 10 seconds.